ORI
MISSISSIPPI STATE UNIVERSITY BULLDOGS @ COASTAL CAROLINA UNIVERSITY CHANTICLEERS
11/01/2047
 
TOP OF THE 1ST
Mississippi State University Bulldogs batting - Pitching for Coastal Carolina University Chanticleers : RHP Pedro Delgado
Pitching: RHP Pedro Delgado
Batting: RHB Eric Riley 0-0: Called Strike
0-1: Ball
1-1: Ball
2-1: Swinging Strike
2-2: Ground out 5-3 (Groundball, 5L, EV 100.0 MPH)
Batting: LHB Ricardo Ramos 0-0: Ball
1-0: Ball
2-0: Called Strike
2-1: Called Strike
2-2: Ball
3-2: Foul Ball, location: 2F
3-2: Fly out, F9 (Line Drive, 89M, EV 90.0 MPH)
Batting: LHB Danny Shanahan 0-0: SINGLE (Groundball, 25, EV 70.0 MPH) (infield hit)
Batting: RHB Josh Stene 0-0: Ball
1-0: Swinging Strike
1-1: Ball
Danny Shanahan is caught stealing 2nd base 2-4
Top of the 1st over - 0 runs, 1 hit, 0 errors, 0 left on base; Mississippi State University 0 - Coastal Carolina University 0
BOTTOM OF THE 1ST
Coastal Carolina University Chanticleers batting - Pitching for Mississippi State University Bulldogs : RHP Fernando Montoya
Pitching: RHP Fernando Montoya
Batting: RHB Dennis Bennett 0-0: Foul Ball, location: 2F
0-1: Swinging Strike
0-2: Strikes out swinging
Batting: RHB Tristan Williams 0-0: Foul Ball, location: 2F
0-1: Fly out, F9 (Flyball, 89D, EV 80.0 MPH)
Batting: LHB Orlando Hurtado 0-0: Ball
1-0: Called Strike
1-1: Ground out 4-3 (Groundball, 4, EV 98.1 MPH)
Bottom of the 1st over - 0 runs, 0 hits, 0 errors, 0 left on base; Mississippi State University 0 - Coastal Carolina University 0
TOP OF THE 2ND
Mississippi State University Bulldogs batting - Pitching for Coastal Carolina University Chanticleers : RHP Pedro Delgado
Batting: RHB Josh Stene 0-0: Called Strike
0-1: Ball
1-1: Ground out 1-3 (Groundball, 13S, EV 63.8 MPH)
Batting: RHB Alvin Abarca 0-0: Called Strike
0-1: Ball
1-1: Called Strike
1-2: Ball
2-2: Ball
3-2: Ground out U3 (Groundball, 34S, EV 85.0 MPH)
Batting: RHB Logan Strassburg 0-0: Called Strike
0-1: Foul Ball, location: 2F
0-2: Ball
1-2: Ground out 2-3 (Groundball, 2L, EV 71.2 MPH)
Top of the 2nd over - 0 runs, 0 hits, 0 errors, 0 left on base; Mississippi State University 0 - Coastal Carolina University 0
BOTTOM OF THE 2ND
Coastal Carolina University Chanticleers batting - Pitching for Mississippi State University Bulldogs : RHP Fernando Montoya
Batting: LHB Ramelan Nasution 0-0: Ball
1-0: Ground out 4-3 (Groundball, 4, EV 84.4 MPH)
Batting: RHB Fernando Tovar 0-0: Foul Ball, location: 2F
0-1: Foul Ball, location: 2F
0-2: Strikes out swinging
Batting: RHB Mike Grogan 0-0: Ball
1-0: Ball
2-0: SINGLE (Line Drive, 9LS, EV 110.6 MPH)
Batting: LHB Justin Sanders 0-0: Fly out, F9 (Flyball, 9LSF, EV 82.5 MPH)
Bottom of the 2nd over - 0 runs, 1 hit, 0 errors, 1 left on base; Mississippi State University 0 - Coastal Carolina University 0
TOP OF THE 3RD
Mississippi State University Bulldogs batting - Pitching for Coastal Carolina University Chanticleers : RHP Pedro Delgado
Batting: RHB Masahito Sunada 0-0: Ball
1-0: Ball
2-0: Ball
3-0: Base on Balls
Batting: RHB Karl Lukasiewicz 0-0: Ball
1-0: Ball
2-0: Grounds into double play, 6-4-3 (Groundball, 6, EV 104.4 MPH)
Batting: RHB Bill Petipas 0-0: Ball
1-0: Ball
2-0: Called Strike
2-1: Ball
3-1: Base on Balls
Batting: RHB Eric Riley 0-0: SINGLE (Line Drive, 8RS, EV 91.2 MPH)
Bill Petipas to second
Batting: LHB Ricardo Ramos 0-0: Called Strike
0-1: Ground out 3-1 (Groundball, 34, EV 78.8 MPH)
Top of the 3rd over - 0 runs, 1 hit, 0 errors, 2 left on base; Mississippi State University 0 - Coastal Carolina University 0
BOTTOM OF THE 3RD
Coastal Carolina University Chanticleers batting - Pitching for Mississippi State University Bulldogs : RHP Fernando Montoya
Batting: RHB Rene Napoles 0-0: Ball
1-0: Ball
2-0: Foul Ball, location: 2F
2-1: Swinging Strike
2-2: Strikes out swinging
Batting: RHB Oscar Hernandez 0-0: Ball
1-0: Foul Ball, location: 2F
1-1: Swinging Strike
1-2: Foul Ball, location: 2F
1-2: Strikes out looking
Batting: RHB Dennis Bennett 0-0: Called Strike
0-1: Swinging Strike
0-2: Ball
1-2: Foul Ball, location: 2F
1-2: Ball
2-2: Strikes out swinging
Bottom of the 3rd over - 0 runs, 0 hits, 0 errors, 0 left on base; Mississippi State University 0 - Coastal Carolina University 0
TOP OF THE 4TH
Mississippi State University Bulldogs batting - Pitching for Coastal Carolina University Chanticleers : RHP Pedro Delgado
Batting: LHB Danny Shanahan 0-0: Swinging Strike
0-1: Ball
1-1: Ground out 4-3 (Groundball, 4M, EV 106.2 MPH)
Batting: RHB Josh Stene 0-0: Called Strike
0-1: Ball
1-1: SINGLE (Flyball, 56D, EV 94.4 MPH)
Batting: RHB Alvin Abarca 0-0: Ball
1-0: DOUBLE (Flyball, 89D, EV 91.2 MPH)
Josh Stene to third
Batting: RHB Logan Strassburg 0-0: Called Strike
0-1: Called Strike
0-2: Strikes out swinging
Batting: RHB Masahito Sunada 0-0: Ball
1-0: Foul Ball, location: 2F
1-1: SINGLE (Line Drive, 78S, EV 109.4 MPH)
Josh Stene scores
Alvin Abarca to third
Runner from 3rd tries for Home, SAFE, throw by CF to home
Batting: RHB Karl Lukasiewicz 0-0: Ball
1-0: Fielders Choice at 2nd, 6-4 (Groundball, 6, EV 77.5 MPH)
Top of the 4th over - 2 runs, 3 hits, 0 errors, 1 left on base; Mississippi State University 2 - Coastal Carolina University 0
BOTTOM OF THE 4TH
Coastal Carolina University Chanticleers batting - Pitching for Mississippi State University Bulldogs : RHP Fernando Montoya
Batting: RHB Tristan Williams 0-0: Called Strike
0-1: Called Strike
0-2: Strikes out swinging, 2-3 out at first.
Batting: LHB Orlando Hurtado 0-0: Ball
1-0: Ball
2-0: Ball
3-0: Called Strike
3-1: Called Strike
3-2: Fly out, F9 (Flyball, 9, EV 91.2 MPH)
Batting: LHB Ramelan Nasution 0-0: Ball
1-0: Ball
2-0: Foul Ball, location: 2F
2-1: Foul Ball, location: 2F
2-2: Strikes out swinging
Bottom of the 4th over - 0 runs, 0 hits, 0 errors, 0 left on base; Mississippi State University 2 - Coastal Carolina University 0
TOP OF THE 5TH
Mississippi State University Bulldogs batting - Pitching for Coastal Carolina University Chanticleers : RHP Pedro Delgado
Batting: RHB Bill Petipas 0-0: Called Strike
0-1: Ground out 1-3 (Groundball, 13, EV 63.8 MPH)
Batting: RHB Eric Riley 0-0: Ball
1-0: Swinging Strike
1-1: Ball
2-1: Foul Ball, location: 2F
2-2: Ball
3-2: Foul Ball, location: 2F
3-2: Foul Ball, location: 2F
3-2: Ground out 6-3 (Groundball, 6, EV 87.5 MPH)
Batting: LHB Ricardo Ramos 0-0: Ball
1-0: Foul Ball, location: 2F
1-1: Swinging Strike
1-2: Foul Ball, location: 2F
1-2: Strikes out swinging
Top of the 5th over - 0 runs, 0 hits, 0 errors, 0 left on base; Mississippi State University 2 - Coastal Carolina University 0
BOTTOM OF THE 5TH
Coastal Carolina University Chanticleers batting - Pitching for Mississippi State University Bulldogs : RHP Fernando Montoya
Batting: RHB Fernando Tovar 0-0: Ball
1-0: Ball
2-0: Ground out 5-3 (Groundball, 5L, EV 77.5 MPH)
Batting: RHB Mike Grogan 0-0: Ball
1-0: Ball
2-0: Ball
3-0: Called Strike
3-1: Fly out, F8 (Flyball, 89XD, EV 96.9 MPH)
Batting: LHB Justin Sanders 0-0: Ball
1-0: Called Strike
1-1: Swinging Strike
1-2: Ball
2-2: Strikes out swinging
Bottom of the 5th over - 0 runs, 0 hits, 0 errors, 0 left on base; Mississippi State University 2 - Coastal Carolina University 0
TOP OF THE 6TH
Mississippi State University Bulldogs batting - Pitching for Coastal Carolina University Chanticleers : RHP Pedro Delgado
Pitching: RHP Danny Wood
Batting: LHB Danny Shanahan 0-0: Ball
1-0: Foul Ball, location: 2F
1-1: Ball
2-1: Swinging Strike
2-2: Foul Ball, location: 2F
2-2: Foul Ball, location: 2F
2-2: DOUBLE (Line Drive, 89XD, EV 108.1 MPH) - OUT at third base trying to stretch hit.
Batting: RHB Josh Stene 0-0: Ball
1-0: Ball
2-0: Ball
3-0: Called Strike
3-1: Ground out 6-3 (Groundball, 6, EV 102.5 MPH)
Batting: RHB Alvin Abarca 0-0: Called Strike
0-1: Ball
1-1: Called Strike
1-2: Strikes out swinging
Top of the 6th over - 0 runs, 1 hit, 0 errors, 0 left on base; Mississippi State University 2 - Coastal Carolina University 0
BOTTOM OF THE 6TH
Coastal Carolina University Chanticleers batting - Pitching for Mississippi State University Bulldogs : RHP Fernando Montoya
Batting: RHB Rene Napoles 0-0: Ball
1-0: Swinging Strike
1-1: Foul Ball, location: 2F
1-2: Ball
2-2: Ball
3-2: Foul Ball, location: 2F
3-2: Foul Ball, location: 2F
3-2: Strikes out swinging
Batting: RHB Oscar Hernandez 0-0: Called Strike
0-1: Ball
1-1: Ball
2-1: Foul Ball, location: 2F
2-2: Ground out 5-3 (Groundball, 56S, EV 85.6 MPH)
Batting: RHB Dennis Bennett 0-0: Called Strike
0-1: Ball
1-1: Ball
2-1: SINGLE (Line Drive, 7S, EV 91.9 MPH)
Batting: RHB Tristan Williams 0-0: SINGLE (Line Drive, 9S, EV 103.8 MPH)
Dennis Bennett to second
Batting: LHB Orlando Hurtado 0-0: Ball
1-0: Fly out, F7 (Flyball, 78M, EV 95.6 MPH)
Bottom of the 6th over - 0 runs, 2 hits, 0 errors, 2 left on base; Mississippi State University 2 - Coastal Carolina University 0
TOP OF THE 7TH
Mississippi State University Bulldogs batting - Pitching for Coastal Carolina University Chanticleers : RHP Danny Wood
Pitching: RHP Matt Schnurer
Batting: RHB Logan Strassburg 0-0: Fly out, F9 (Flyball, 9, EV 75.6 MPH)
Batting: RHB Masahito Sunada 0-0: Called Strike
0-1: Called Strike
0-2: Strikes out swinging
Batting: RHB Karl Lukasiewicz 0-0: Called Strike
0-1: Ground out 6-3 (Groundball, 6, EV 90.6 MPH)
Top of the 7th over - 0 runs, 0 hits, 0 errors, 0 left on base; Mississippi State University 2 - Coastal Carolina University 0
BOTTOM OF THE 7TH
Coastal Carolina University Chanticleers batting - Pitching for Mississippi State University Bulldogs : RHP Fernando Montoya
Pitching: RHP Randy Richardson
Batting: LHB Ramelan Nasution 0-0: Ball
1-0: Ball
2-0: Ball
3-0: Base on Balls
Batting: RHB Fernando Tovar 0-0: Called Strike
0-1: Swinging Strike
0-2: Strikes out looking
Batting: RHB Mike Grogan 0-0: Ball
1-0: Called Strike
1-1: Ball
2-1: 2-RUN HOME RUN (Flyball, 78XD, EV 108.1 MPH), Distance : 412 ft
Batting: LHB Justin Sanders 0-0: Ball
1-0: Ball
2-0: Ball
3-0: Called Strike
3-1: Called Strike
3-2: Foul Ball, location: 2F
3-2: SOLO HOME RUN (Flyball, 7D, EV 95.6 MPH), Distance : 374 ft
Pitching: RHP Esteban Vidal
Batting: RHB Rene Napoles 0-0: Foul Ball, location: 2F
0-1: Ball
1-1: Ball
2-1: Ground out 5-3 (Groundball, 56S, EV 75.0 MPH)
Batting: RHB Oscar Hernandez 0-0: Ball
1-0: Called Strike
1-1: Ball
2-1: DOUBLE (Line Drive, 89D, EV 108.1 MPH)
Batting: RHB Dennis Bennett 0-0: Ball
1-0: Ball
2-0: Foul Ball, location: 2F
2-1: Swinging Strike
2-2: Ground out 5-3 (Groundball, 15, EV 86.2 MPH)
Bottom of the 7th over - 3 runs, 3 hits, 0 errors, 1 left on base; Mississippi State University 2 - Coastal Carolina University 3
TOP OF THE 8TH
Mississippi State University Bulldogs batting - Pitching for Coastal Carolina University Chanticleers : RHP Matt Schnurer
Batting: RHB Bill Petipas 0-0: Ball
1-0: Ball
2-0: Ball
3-0: Base on Balls
Batting: RHB Eric Riley 0-0: Bunt missed!
0-1: Bunt missed!
0-2: Ball
1-2: Ground out 5-3 (Groundball, 56S, EV 78.1 MPH)
Bill Petipas to second
Pinch Hitting: LHB Vinnie Kalman 0-0: Ground out 4-3 (Groundball, 4, EV 90.0 MPH)
Bill Petipas to third
Batting: LHB Danny Shanahan 0-0: Swinging Strike
Passed Ball!
Bill Petipas scores
0-1: Ball
1-1: Swinging Strike
1-2: Strikes out swinging
Top of the 8th over - 1 run, 0 hits, 0 errors, 0 left on base; Mississippi State University 3 - Coastal Carolina University 3
BOTTOM OF THE 8TH
Coastal Carolina University Chanticleers batting - Pitching for Mississippi State University Bulldogs : RHP Esteban Vidal
Now in RF: Vinnie Kalman
Pinch Hitting: LHB Nate Kokx 0-0: Called Strike
0-1: Ball
1-1: Ball
2-1: Foul Ball, location: 2F
2-2: Strikes out swinging
Batting: LHB Orlando Hurtado 0-0: Ball
1-0: Called Strike
1-1: Foul Ball, location: 2F
1-2: Foul Ball, location: 2F
1-2: Fly out, F8 (Flyball, 89M, EV 87.5 MPH)
Batting: LHB Ramelan Nasution 0-0: Called Strike
0-1: Ball
1-1: Foul Ball, location: 2F
1-2: Ball
2-2: SOLO HOME RUN (Flyball, 78XD, EV 109.4 MPH), Distance : 417 ft
Batting: RHB Fernando Tovar 0-0: Ball
1-0: Ground out 5-3 (Groundball, 5, EV 99.4 MPH)
Bottom of the 8th over - 1 run, 1 hit, 0 errors, 0 left on base; Mississippi State University 3 - Coastal Carolina University 4
TOP OF THE 9TH
Mississippi State University Bulldogs batting - Pitching for Coastal Carolina University Chanticleers : RHP Matt Schnurer
Pitching: LHP David Medina
Now at 1B: Nate Kokx
Now at 3B: Tatsunori Ishigaki
Batting: RHB Josh Stene 0-0: Ball
1-0: Foul Ball, location: 2F
1-1: Ball
2-1: Ground out 2-3 (Groundball, 2L, EV 63.1 MPH)
Batting: RHB Alvin Abarca 0-0: Ball
1-0: Ball
2-0: Single, Error in OF, E8, batter to second base (Groundball, 6MD, EV 97.5 MPH)
Batting: RHB Logan Strassburg 0-0: Called Strike
0-1: Ball
1-1: Foul Ball, location: 2F
1-2: Foul Ball, location: 2F
1-2: Ball
2-2: Ball
3-2: Ground out 5-3 (Groundball, 56S, EV 85.6 MPH)
Batting: RHB Masahito Sunada 0-0: Ball
1-0: Ball
2-0: Called Strike
2-1: Foul Ball, location: 2F
2-2: Ball
3-2: Strikes out swinging
Top of the 9th over - 0 runs, 1 hit, 1 error, 1 left on base; Mississippi State University 3 - Coastal Carolina University 4
Thursday, December 15th , 2022 - OOTP Baseball 23.9 Build 102